Cogmind - Beta 13 @@@ ROGUE MODE // 2024.04.20 @ 20:51:08 Player: Cwaftwer Result: Destroyed by H-55 Commando with Heavy Ion Engine chain reaction Performance ------------- Evolutions (2) 1000 Regions Visited (4) 800 Robots Destroyed (40) 200 Value Destroyed (1046) 1046 Prototype IDs (8) 160 Alien Tech Used (0) 0 Bonus (0) 0 TOTAL SCORE: 3206 Bonus ------- None Cogmind --------- Core Integrity 0/550 Matter 62/300 Energy 100/100 System Corruption 0% Temperature Cool (12) Movement Core (400) Ox7 Location -8/Materials Parts ------- > --- POWER (2) -------- (None) > --- PROPULSION (2) --- (None) > --- UTILITY (5) ------ Large Storage Unit Hacking Suite Hacking Suite Hacking Suite > --- WEAPON (2) ------- Hammer > --- INVENTORY (15) --- Hacking Suite Hacking Suite Hacking Suite Peak State ------------ > --- POWER ------------ (None) > --- PROPULSION ------- Advanced Treads > --- UTILITY ---------- Small Storage Unit Shield Generator Hacking Suite Hacking Suite Hacking Suite > --- WEAPON ----------- Pulse Rifle Advanced EMP Blaster > --- INVENTORY -------- Hacking Suite Hacking Suite Hacking Suite Hacking Suite Hacking Suite Grenade Launcher Hammer [Rating: 23] Favorites ----------- Power Light Deuterium Engine Engine Light Deuterium Engine Power Core Light Nuclear Core Propulsion Advanced Treads Treads Advanced Treads Wheel Wheel Hover Unit Airjet Utility Hacking Suite Device Trap Scanner Storage Small Storage Unit Hackware Hacking Suite Protection Light Armor Plating Weapon Hammer Energy Gun Improved EM Shotgun Ballistic Gun Assault Rifle Launcher Grenade Launcher Impact Weapon Hammer Build | -11 -10 -9 -9 -8 ------- Run | Yrd Mat Mat Min Mat Slots Evolved 4 | . . 2 . 2 Power 1 | . . . . 1 Propulsion . | . . . . . Utility 3 | . . 2 . 1 Weapon . | . . . . . Parts Attached 49 | 6 3 14 5 21 Power 7 | 1 . 2 1 3 Engine 6 | 1 . 2 1 2 Core 1 | . . . . 1 Reactor . | . . . . . Propulsion 11 | 2 . 4 2 3 Treads 4 | . . 2 . 2 Leg . | . . . . . Wheel 3 | 2 . . . 1 Hover 4 | . . 2 2 . Flight . | . . . . . Utility 12 | 1 1 2 1 7 Device 3 | . . 2 . 1 Storage 3 | 1 . . . 2 Processor . | . . . . . Hackware 4 | . . . . 4 Protection 2 | . 1 . 1 . Artifact . | . . . . . Weapon 19 | 2 2 6 1 8 Energy Gun 6 | . . 4 . 2 Energy Cannon . | . . . . . Ballistic Gun 5 | 2 1 2 . . Ballistic Cannon . | . . . . . Launcher 5 | . 1 . . 4 Special Weapon . | . . . . . Impact Weapon 3 | . . . 1 2 Slashing Weapon . | . . . . . Piercing Weapon . | . . . . . Special Melee Weapon . | . . . . . Unidentified Prototypes 4 | . . 1 . 3 Parts Lost 20 | . . 6 4 10 Power 6 | . . 1 1 4 Propulsion 5 | . . 3 . 2 Utility 4 | . . . 2 2 Weapon 5 | . . 2 1 2 Highest Loss Streak 5 | . . 5 3 5 To Critical Strikes . | . . . . . Average Slot Usage (%) 71 | . 98 77 49 70 Engine 7 | . 14 10 9 4 Core 2 | . . . . 3 Treads 5 | . . 5 . 7 Wheel 2 | . 28 4 . . Hover 3 | . . 8 8 . Device 7 | . . 15 6 4 Storage 9 | . 14 11 11 8 Hackware 15 | . . . . 25 Protection 2 | . 12 4 3 . Energy Gun 3 | . . 5 6 1 Ballistic Gun 4 | . 24 13 . . Launcher 3 | . 3 . . 5 Impact Weapon 5 | . . . 3 8 Naked Turns . | . . . . . Heaviest Build 33 | 14 17 20 15 33 Greatest Support 40 | 20 20 40 16 22 Greatest Overweight (x) 9 | . . 4 4 9 Average Overweight (x) . | . . . 1 . Largest Inventory Capacity 15 | 8 8 8 8 15 Average Capacity 10 | 6 8 8 8 12 Most Carried 8 | 5 5 8 7 8 Average Carried 5 | 1 2 7 5 5 Final Capacity 15 | 8 8 8 8 15 Final Carried 7 | . 5 7 2 3 Class Distribution -------------------- 51% | Hacker-Mutant 48% | Mutant Dominant Class ---------------- Mutant | -10/Materials Mutant | -9/Materials Mutant | -9/Mines Hacker-Mutant | -8/Materials Resources | -11 -10 -9 -9 -8 ----------- Run | Yrd Mat Mat Min Mat Matter Collected 699 | 215 17 276 123 68 Remotely . | . . . . . Salvage Created 1252 | . 53 613 232 354 Parts 80 | . 9 49 7 15 Haulers Intercepted 1 | . . 1 . . Recyclers Shooed 1 | . . . 1 . Parts Field Recycled . | . . . . . Retrieved Matter . | . . . . . Parts Self-Destructed . | . . . . . Prevented . | . . . . . Kills | -11 -10 -9 -9 -8 ------- Run | Yrd Mat Mat Min Mat Combat Hostiles Destroyed 29 | . 3 13 3 10 Melee 3 | . . . 1 2 Guns 14 | . 2 11 1 . AOE 9 | . 1 2 . 6 Classes Destroyed 10 | . 2 5 1 2 Worker 1 | . . . . 1 Builder 3 | . . 1 1 1 Hauler 1 | . . 1 . . Recycler 1 | . . . 1 . Operator 2 | . . . . 2 Watcher 3 | . 1 2 . . Swarmer 9 | . 3 3 1 2 Grunt 14 | . . 6 1 7 Brawler 2 | . . 1 1 . Sentry 4 | . . 3 . 1 Best Kill Streak 7 | . 4 3 4 7 Combat Bots Only 5 | . 3 3 2 5 Max Kills in Single Turn 3 | . 1 2 1 3 Gunslinging . | . . . . . Exploded 2 | . 1 2 . 2 Melee 1 | . . . 1 1 Uniques/NPCs Destroyed . | . . . . . Combat | -11 -10 -9 -9 -8 -------- Run | Yrd Mat Mat Min Mat Hostile Shots Fired 268 | . 3 79 49 137 Missed 74 | . 2 20 7 45 Damage Taken 2669 | . 23 851 438 1357 Core 881 | . 9 181 140 551 Absorbed by Shields 46 | . . . . 46 Regen/Repaired (Parts) 132 | . . . . 132 Core Remaining (%) 71 | 100 96 . 19 . Volleys Fired 81 | . 4 46 7 24 Largest 2 | . 2 2 1 2 Hottest 99 | . 50 65 45 99 Shots Fired 119 | . 7 80 7 25 Gun 101 | . 5 80 7 9 Cannon . | . . . . . Launcher 18 | . 2 . . 16 Special . | . . . . . Kinetic 66 | . 5 61 . . Thermal 9 | . . . . 9 Explosive 15 | . 2 . . 13 Electromagnetic 29 | . . 19 7 3 Robot Hit Streak 15 | . 5 12 11 15 Robot Miss Streak 4 | . 1 4 1 1 Penetration Max . | . . . . . Secondary Targets 4 | . . 4 . . Max Gunslinging Chain 1 | . . 1 . . Shots Hit Robots 97 | . 5 50 12 30 Core Hits 57 | . 4 30 3 20 Critical Kills 1 | . . . . 1 Critical Parts Destroyed 3 | . . . 1 2 Critical Strikes 4 | . . . 1 3 Smash 4 | . . . 1 3 Melee Attacks 26 | . . . 12 14 Impact 26 | . . . 12 14 Slashing . | . . . . . Piercing . | . . . . . Sneak Attacks 1 | . . . 1 . Combat Hostiles . | . . . . . Follow-up Attacks . | . . . . . Damage Inflicted 2739 | . 85 984 272 1398 Guns 981 | . 53 658 115 155 Cannons . | . . . . . Explosions 1368 | . 32 326 31 979 Melee 384 | . . . 126 258 Ramming 6 | . . . . 6 Kinetic 469 | . 53 416 . . Thermal 344 | . . 158 31 155 Explosive 833 | . 32 168 . 633 Electromagnetic 703 | . . 242 115 346 Impact 384 | . . . 126 258 Slashing . | . . . . . Piercing . | . . . . . Highest Corruption 7 | . . . 7 . Average Corruption 6 | . . . 6 . Corruption Purged . | . . . . . Corruption Blocked . | . . . . . Effects 2 | . . . 2 . Matter Fused 1 | . . . 1 . Data Loss (minor) 1 | . . . 1 . Overload Shots . | . . . . . Overflow Damage 243 | . . 87 43 113 Projectiles . | . . . . . Explosions 135 | . . 87 . 48 Melee 108 | . . . 43 65 Knockbacks 2 | . . . . 2 Impact 2 | . . . . 2 Kinetic . | . . . . . Secondary . | . . . . . Self-Inflicted Damage 338 | . 14 164 11 149 Shots 13 | . 1 3 1 8 Rammed 1 | . . . . 1 Targets Rammed 1 | . . . . 1 Kicked . | . . . . . Crushed . | . . . . . Highest Temperature 76 | . . 76 18 18 Average Temperature 17 | . . 22 12 6 Received Heat Transfer 795 | . . 231 60 504 Siege Activations . | . . . . . Robots Corrupted 1 | . . . . 1 Combat Hostiles 1 | . . . . 1 Parts Fried 9 | . . 1 5 3 Impact Corruptions 8 | . . . 4 4 Robots Melted . | . . . . . Combat Hostiles . | . . . . . Parts Melted . | . . . . . Heat Transferred 583 | . . 200 50 333 Parts Sabotaged . | . . . . . Parts Stolen . | . . . . . Parts Stripped . | . . . . . Power Chain Reactions 4 | . . 3 1 . Alert | -11 -10 -9 -9 -8 ------- Run | Yrd Mat Mat Min Mat Peak Influence 382 | . 106 382 142 190 Initial 97 | . . 44 97 55 Average 106 | . 59 190 108 75 Maximum Alert Level 1 | . . 1 . . Low Security (%) 86 | 100 100 48 100 100 Level 1 13 | . . 51 . . Level 2 . | . . . . . Level 3 . | . . . . . Level 4 . | . . . . . Level 5 . | . . . . . High Security . | . . . . . Max Security . | . . . . . Squads Dispatched 9 | . . 1 . 8 Investigation 5 | . . . . 5 Extermination . | . . . . . Reinforcement 3 | . . 1 . 2 Assault . | . . . . . Garrison 1 | . . . . 1 Intercept . | . . . . . Searches Triggered . | . . . . . Construction Impeded 1 | . . . . 1 Haulers Reinforced . | . . . . . Active Scanning Responses . | . . . . . Cargo Convoy Interrupts . | . . . . . Stealth | -11 -10 -9 -9 -8 --------- Run | Yrd Mat Mat Min Mat Distress Signals 6 | . . 3 . 3 Communications Jammed . | . . . . . Distress Signals . | . . . . . Times Spotted 49 | . 4 19 5 21 Peak Tracking Total 5 | . 3 4 3 5 Tactical Retreats 4 | . . . . 4 Traps | -11 -10 -9 -9 -8 ------- Run | Yrd Mat Mat Min Mat Traps Triggered . | . . . . . Indirectly . | . . . . . Trap Hack Attempts . | . . . . . Triggered . | . . . . . Disarmed . | . . . . . Reprogrammed 1 | . . . . 1 Reused 1 | . . . . 1 Traps Extracted . | . . . . . Installed . | . . . . . Triggered 1 | . . . . 1 Machines | -11 -10 -9 -9 -8 ---------- Run | Yrd Mat Mat Min Mat Machines Disabled 2 | . . 1 . 1 Max in Single Turn 1 | . . 1 . 1 Machines Repaired . | . . . . . Machines Dismantled . | . . . . . Machines Sabotaged . | . . . . . Overloaded Fab Kills . | . . . . . Hacking | -11 -10 -9 -9 -8 --------- Run | Yrd Mat Mat Min Mat Machines Accessed 7 | . . 3 . 4 Terminals 6 | . . 3 . 3 Fabricators . | . . . . . Repair Stations 1 | . . . . 1 Recycling Units . | . . . . . Scanalyzers . | . . . . . Garrison Access . | . . . . . Total Hacks 30 | . . 12 . 18 Successful 23 | . . 7 . 16 Failed 7 | . . 5 . 2 Catastrophic 1 | . . 1 . . Database Lockouts . | . . . . . Manual . | . . . . . Terminals 26 | . . 12 . 14 Fabricators . | . . . . . Repair Stations 4 | . . . . 4 Recycling Units . | . . . . . Scanalyzers . | . . . . . Garrison Access . | . . . . . Terminal Hacks 19 | . . 7 . 12 Record 3 | . . 3 . . Prototype ID Bank 2 | . . . . 2 Branch Access Points 1 | . . 1 . . Alert Level 3 | . . 1 . 2 Unreport Threat 1 | . . . . 1 Locate Traps 1 | . . 1 . . Reprogram Traps 1 | . . . . 1 Dispatch Records 2 | . . 1 . 1 Maintenance Status 1 | . . . . 1 Hauler Manifests 1 | . . . . 1 Registered Prototypes 1 | . . . . 1 Zone Layout 2 | . . . . 2 Fabricator Hacks . | . . . . . Repair Station Hacks 4 | . . . . 4 Scan Component 2 | . . . . 2 Repair 2 | . . . . 2 Recycling Unit Hacks . | . . . . . Scanalyzer . | . . . . . Garrison Access Hacks . | . . . . . Unauthorized Hacks . | . . . . . Terminals . | . . . . . Fabricators . | . . . . . Repair Stations . | . . . . . Recycling Units . | . . . . . Scanalyzers . | . . . . . Garrison Access . | . . . . . Data Cores Recovered 1 | . . . . 1 Used 1 | . . . . 1 Hacking Detections 7 | . . 3 . 4 Full Trace Events 4 | . . 1 . 3 Feedback Events . | . . . . . Feedback Blocked . | . . . . . Robot Schematics Acquired . | . . . . . Robots Built . | . . . . . Authchips . | . . . . . Time . | . . . . . Total Robot Build Rating . | . . . . . Part Schematics Acquired . | . . . . . Parts Built . | . . . . . Authchips . | . . . . . Time . | . . . . . Total Part Build Rating . | . . . . . Parts Repaired 2 | . . . . 2 Time 64 | . . . . 64 Parts Recycled . | . . . . . Recycled Matter . | . . . . . Retrieved Matter . | . . . . . Retrieved Components . | . . . . . Parts Scanalyzed . | . . . . . Part Schematics Acquired . | . . . . . Parts Damaged . | . . . . . Bothacking | -11 -10 -9 -9 -8 ------------ Run | Yrd Mat Mat Min Mat Used RIF Installer . | . . . . . Robots Hacked . | . . . . . Non-combat . | . . . . . Combat . | . . . . . Robot Hacks Applied . | . . . . . Relay Couplers Released . | . . . . . Fabnet Peak Effective % . | . . . . . Robots Rewired . | . . . . . Allies Hacked . | . . . . . Hacks Repelled . | . . . . . Allies | -11 -10 -9 -9 -8 -------- Run | Yrd Mat Mat Min Mat Total Allies . | . . . . . Largest Group . | . . . . . Highest-Rated Group . | . . . . . Highest-Rated Ally . | . . . . . Total Orders . | . . . . . Ally Attacks . | . . . . . Total Damage . | . . . . . Kills . | . . . . . Allies Corrupted . | . . . . . Allies Melted . | . . . . . Intel | -11 -10 -9 -9 -8 ------- Run | Yrd Mat Mat Min Mat Robot Analysis Total . | . . . . . Derelict Logs Recovered 1 | . . . 1 . Drone Launches . | . . . . . Drone Recoveries . | . . . . . Exploration | -11 -10 -9 -9 -8 ------------- Run | Yrd Mat Mat Min Mat Turns Passed 1791 | 39 90 464 182 1016 Spaces Moved 821 | 39 78 257 87 360 Core 88 | 12 . 29 37 10 Treads 343 | . . 38 . 305 Legs . | . . . . . Wheels 159 | 27 78 54 . . Hover 231 | . . 136 50 45 Flight . | . . . . . Fastest Speed 50 | 50 80 56 56 56 Average Speed 137 | 70 80 98 138 184 Slowest Speed 500 | 80 80 250 250 500 Overloaded Moves . | . . . . . Propulsion Burnouts . | . . . . . Robots Hopped . | . . . . . Cave-ins Triggered . | . . . . . Exploration Rate (%) 24 | 4 21 33 36 27 Regions Visited 4 Branch Regions 1 Pre-discovered Areas . | . . . . . Known Exits Taken 1 | . . 1 . . Unknown Exits Taken 3 | 1 1 . 1 . Scrap Searched 1 | . . . 1 . Spaces Dug . | . . . . . Terrain Destroyed 132 | . 12 39 5 76 Melee . | . . . . . Projectile . | . . . . . AOE 132 | . 12 39 5 76 Terrain Rammed . | . . . . . Walls Destroyed . | . . . . . Machines Disabled . | . . . . . Actions | -11 -10 -9 -9 -8 --------- Run | Yrd Mat Mat Min Mat Total 1331 | 50 98 398 120 665 Wait 274 | . 7 47 10 210 Move 817 | 38 77 256 86 360 Hop . | . . . . . Pick Up 56 | 6 6 19 . 25 Fast Attach . | . . . . . Attach 38 | 6 2 9 5 16 Detach 4 | . 1 2 . 1 Swap 11 | . 1 5 . 5 Drop 23 | . . 14 . 9 Fire 81 | . 4 46 7 24 Melee 26 | . . . 12 14 Ram . | . . . . . Kick . | . . . . . Crush 1 | . . . . 1 Escape Stasis . | . . . . . Rewire . | . . . . . Trap . | . . . . . Miscellaneous . | . . . . . Route ------- -11/Scrapyard -10/Materials -9/Materials -9/Mines -8/Materials History --------- Turn | Location | Event 21 | -11/Scrapyard | Discovered new exit (range 15) 40 | -11/Scrapyard | Entered Materials 114 | -10/Materials | Discovered new exit (range 14) 130 | -10/Materials | Entered another Materials area 130 | -9/Materials | Evolved 2 slots: Utility x2 305 | -9/Materials | Build established: Mutant 357 | -9/Materials | Identified exit to Mines 546 | -9/Materials | Lost 5 parts (1p2n2w) 594 | -9/Materials | Entered Mines 695 | -9/Mines | Core integrity fell below 50% 740 | -9/Mines | Lost 3 parts (1p1u1w) 747 | -9/Mines | Discovered new exit (range 5) 762 | -9/Mines | Learned location of 1 exit from Lower Caves 774 | -9/Mines | Core integrity fell below 20% 776 | -9/Mines | Entered Materials 776 | -8/Materials | Evolved 2 slots: Power x1, Utility x1 1091 | -8/Materials | Repaired Adv. Treads 1123 | -8/Materials | Repaired Sml. Storage Unit 1177 | -8/Materials | Build established: Hacker-Mutant 1703 | -8/Materials | Garrison activated, responded to threat 1711 | -8/Materials | Core integrity fell below 50% 1755 | -8/Materials | Lost 5 parts (2p2n1w) 1761 | -8/Materials | Core integrity fell below 20% 1792 | -8/Materials | Destroyed by H-55 Commando with Heavy Ion Engine chain reaction Last Messages --------------- U-05 Engineer lays Concrete. Slug penetrates Wall. U-05 Engineer lays Concrete. Slug penetrates Wall. U-05 Engineer lays Concrete. U-05 Engineer builds a Wall. Slug penetrates Wall. U-05 Engineer builds a Wall. Slug penetrates Wall. Wall collapses. U-05 Engineer builds a Wall. Slug penetrates Wall. Wall collapses. K-01 Serf cleans the Neutrino Reactor. Slug penetrates U-05 Engineer. U-05 Engineer destroyed. Neutrino Reactor explodes. Terminal disabled. Chain reaction triggered in Faulty Hvy. Ion Engine. Map ----- +----------------------------------------------------+ | ?????????????????????????????????????????????????? | | ?????????????????????????????????????????????????? | | ?????????????????????????????????????????????????? | | ?????????????????????????????????????????????????? | | ?????????????????????????????????????????????????? | | ?????????????????????????????????????????????????? | | ?????????????????????????????????????????????????? | | ?????????????????????????????????????????????????? | | ??????????????????????????????????##?????????????? | | ???????????????????????????????""" #????????????? | | ?????????????????????????????? "T" #????????????? | | ?????????????????????????????? ##???????????? | | ?????????????????????????????? #???????????? | | ???????????????????????????#??? #????#??????? | | ?????????????????????????### ?? ##?? #??????? | | ?????????????????????????#T# ### ### #??????? | | ?????????????????????????? ???????? | | ????????????????????H?????? ????????? | | ???????????????????????????? ?????????? | | ?????????????????????????????### = # #+##+?????? | | ??????????????????????########### %[ # ??????? | | ??????????????????????# """ [ ]# # #????? | | ??????????????????????# "T # # #????? | | ?????????????###??????# = # % # #????? | | ?????????? t #|%! =# # #????? | | ?????????? /k!@ % h # #????? | | ?????????? # """ #= #########????? | | ???????????# a#??????# """ # ##########???? | | ??????????????????????# """ # # !#???? | | ??????????????????????########### # """ #???? | | ????????????????????? ########### # """ #???? | | ???????????????????? # """ #???? | | ???????????????????? + #???? | | ???????????????????? # #???? | | ?????????????????????############## # #???? | | ???????????????????????? #????????# # #???? | | ???????????????????????? #????????# # "T" #???? | | ???????????????????????? #????????# ##########???? | | ???????????????????????? #????????# #????????????? | | ???????????????????????? #????????# #????????????? | | ???????????????????????? #????????# #????????????? | | ???????????????????????? #????????# ############## | | ???????????????????????? #????????# + | | ????????????????????????######????# ############## | | ???????????????????????? #????# #????????????# | | ????????????????????????"" ""#????# #????????????# | | ????????????????????????"" Y"#????# #????????????# | | ????????????????????????"" ""#????# #????????????# | | ???????????????????????? #????# #????????????# | | ????????????????????????#+####????# #????????????# | +----------------------------------------------------+ Best States ------------- Heat Dissipation 31 Energy Generation 19 Energy Capacity 250 Matter Stores 300 Matter Capacity 300 Sight Range 16 Robot Scan Range 15 Terrain Scan Density 10 Armor Coverage 150 Evasion (%) 53 Recoil Reduction 2 Offensive Hacking 40 Item Schematics ----------------- None Robot Schematics ------------------ None Fabricated ------------ Nothing Alien Tech Used ----------------- None Achievements -------------- None Challenges ------------ None Game ------ Seed ZioniteCouplerSheargun Manual? 0 Play Time 00:17:50 Cumulative 22.4 hours Start 2024.04.20 @ 20:32:30 End 2024.04.20 @ 20:51:08 Sessions 1 Manual Loads 0 Difficulty Rogue Special Mode None Game No. 33 Rogue 32 Adventurer 1 Explorer 0 Win Type - Total 0 Types 0/0/0/0/0/0/0/0/0 Lore% 20 Gallery% 29 Achievement% 23 Wizard Run 0 Options --------- Layout 1 ASCII 0 Keyboard 0 Movement Mouse Keybinds 0 Fullscreen 1 Font 24/Smallcaps Map View 50x40 Zoom Use 0% Tactical HUD 0 Map Filters NONE Filters NONE Steam 1 RUN: 6b61fd77-8062-4f1f-8b8a-dbff4d57d28d